 Dungeon Crawl Stone Soup version 0.25.1-2-g60ff931df9 (webtiles) character file.

Game seed: 12390470735846374594

147588 DearestLeader the Severer (level 16, -2/116 HPs)
             Began as a Demonspawn Gladiator on Oct 19, 2020.
             Was a High Priest of Qazlal.
             Slain by Donald
             ... wielding a +4 vorpal broad axe
              (21 damage)
             ... on level 1 of the Vaults on Oct 20, 2020.
             The game lasted 01:20:12 (33183 turns).

DearestLeader the Severer (Demonspawn Gladiator)   Turns: 33183, Time: 01:20:12

Health: -2/116     AC: 30    Str: 23      XL:     16   Next: 62%
Magic:  0/25       EV: 12    Int:  9 (11) God:    Qazlal [*****.]
Gold:   2241       SH:  6    Dex: 15      Spells: 15/15 levels left

rFire    + . .     SeeInvis +   N - +4 executioner's axe (vorpal)
rCold    . . .     Gourm    .   (shield currently unavailable)
rNeg     . . .     Faith    .   Z - +2 plate armour {rF+}
rPois    +         Spirit   +   q - +1 helmet
rElec    .         Reflect  .   (no cloak)
rCorr    .         Harm     .   K - +2 pair of gloves {Str+3}
MR       +....                  (boots unavailable)
Stlth    ..........             F - amulet of guardian spirit
HPRegen  0.29/turn              k - ring of poison resistance
MPRegen  0.19/turn              D - ring "Myocw" {SInv Stlth-}

@: mighty, protected from physical damage, slowed, repel missiles, very slow
A: talons 3, slimy green scales 2, demonic guardian 3, powered by pain 2
}: 1/15 runes: gossamer
a: Upheaval, Elemental Force, Disaster Area, Renounce Religion


You were on level 1 of the Vaults.
You worshipped Qazlal.
Qazlal was extremely pleased with you.
You were not hungry.

You visited 6 branches of the dungeon, and saw 29 of its levels.

You collected 4600 gold pieces.
You spent 2359 gold pieces at shops.

Inventory:

Hand Weapons
 N - a +4 vorpal executioner's axe (weapon)
 Q - the +7 pair of quick blades "Gyre" and "Gimble" {protect}
   (You took it off a centaur warrior on level 10 of the Dungeon)

   It grants its wielder temporary protection when it strikes (+7 to AC).
Missiles
 b - 52 poisoned darts (quivered)
 d - 2 throwing nets
Armour
 q - a +1 helmet (worn)
 K - a +2 pair of gloves of strength (worn)
 Z - a +2 plate armour of fire resistance (worn)
Jewellery
 i - an uncursed ring of fire
 k - a ring of poison resistance (left hand)
 D - the ring "Myocw" (right hand) {SInv Stlth-}
   (You took it off a gnoll on level 5 of the Dungeon)

   [ring of attention]

   It lets you see invisible.
   It makes you less stealthy.
 F - an amulet of guardian spirit (around neck)
 P - the ring "Xenoshru" {rN++ EV+4}
   (You took it off a centaur warrior on level 10 of the Dungeon)

   [ring of evasion]

   It affects your evasion (+4).
   It greatly protects you from negative energy.
 W - an uncursed ring of ice
Wands
 c - a wand of digging (13)
 p - a wand of polymorph (10)
 G - a wand of disintegration (5)
 O - a wand of paralysis (19)
 S - a wand of clouds (2)
 X - a wand of iceblast (6)
Scrolls
 a - 12 scrolls of remove curse
 j - 5 scrolls of fog
 t - 6 scrolls of blinking
 u - 5 scrolls of enchant armour
 v - 15 scrolls of teleportation
 y - 5 scrolls of magic mapping
 A - 4 scrolls of amnesia
 H - a scroll of random uselessness {unknown}
 I - a scroll of identify
 J - 3 scrolls of vulnerability {unknown}
 M - a scroll of brand weapon {unknown}
 U - 5 scrolls of immolation
 Y - 2 scrolls of summoning {unknown}
Potions
 e - 3 potions of lignification
 g - 2 potions of magic
 h - 3 potions of flight
 l - a potion of ambrosia {unknown}
 m - 2 potions of curing
 n - a potion of might
 o - a potion of berserk rage {unknown}
 s - 3 potions of invisibility {unknown}
 w - 4 potions of resistance
 x - 5 potions of brilliance
 z - a potion of stabbing {unknown}
 B - 3 potions of haste
 C - 4 potions of cancellation {unknown}
 E - 4 potions of degeneration {unknown}
 V - a potion of mutation {unknown}
Miscellaneous
 R - a lightning rod (4/4)
Comestibles
 f - 55 rations


   Skills:
 + Level 7.9 Fighting
 * Level 18.8 Axes
 - Level 1.7 Throwing
 + Level 13.8 Armour
 + Level 9.4 Dodging
 - Level 12.0 Invocations


You had 15 spell levels left.
You didn't know any spells.
Your spell library contained the following spells:

 Spells                   Type           Power        Failure   Level  Hunger
 Animate Skeleton         Necr           N/A          98%         1    ##.....
 Magic Dart               Conj           #...         98%         1    ##.....
 Pain                     Necr           #...         98%         1    ##.....
 Summon Small Mammal      Summ           #...         98%         1    ##.....
 Call Imp                 Summ           #.......     99%         2    ###....
 Searing Ray              Conj           #.....       99%         2    ###....
 Call Canine Familiar     Summ           #.......     100%        3    ####...
 Dazzling Flash           Conj/Hex       #.....       100%        3    ####...
 Gell's Gravitas          Tloc           #.........   100%        3    ####...
 Portal Projectile        Hex/Tloc       #.....       100%        3    ####...
 Recall                   Summ/Tloc      N/A          100%        3    ####...
 Summon Guardian Golem    Hex/Summ       #.......     100%        3    ####...
 Vampiric Draining        Necr           #.........   100%        3    ####...
 Animate Dead             Necr           N/A          100%        4    #####..
 Fulminant Prism          Conj/Hex       #.........   100%        4    #####..
 Iskenderun's Mystic Bla  Conj/Tloc      #.......     100%        4    #####..
 Summon Ice Beast         Ice/Summ       #.......     100%        4    #####..
 Summon Lightning Spire   Summ/Air       #.......     100%        4    #####..
 Agony                    Necr           #.......     100%        5    ######.
 Aura of Abjuration       Summ           #.........   100%        5    ######.
 Irradiate                Conj/Tmut      #.........   100%        5    ######.
 Summon Demon             Summ           #.........   100%        5    ######.
 Summon Forest            Summ/Tloc      #.........   100%        5    ######.
 Summon Mana Viper        Hex/Summ       #.......     100%        5    ######.
 Dispersal                Tloc           #.........   100%        6    #######
 Hydra Form               Tmut           #.........   100%        6    #######
 Shadow Creatures         Summ           N/A          100%        6    #######
 Statue Form              Tmut/Erth      #........    100%        6    #######
 Dragon Form              Tmut           #.........   100%        7    #######
 Haunt                    Necr/Summ      #.........   100%        7    #######
 Borgnjor's Revivificati  Necr           #.........   100%        8    #######
 Controlled Blink         Tloc           N/A          100%        8    #######
 Death's Door             Chrm/Necr      #.........   100%        8    #######
 Disjunction              Tloc           #.........   100%        8    #######
 Infestation              Necr           #.........   100%        8    #######
 Necromutation            Tmut/Necr      #.........   100%        8    #######


Dungeon Overview and Level Annotations

Branches:
Dungeon (15/15)            Temple (1/1) D:5            Lair (6/6) D:8
 Shoals (0/4) Lair:4       Spider (4/4) Lair:3        Slime (0/5) Lair:5
    Orc (2/2) D:11            Elf (0/3) Orc:2        Vaults (1/5) D:13
 Depths (0/5) D:15

Altars:
Ashenzari
Cheibriados
Dithmenos
Elyvilon
Fedhas
Gozag
Hepliaklqana
Kikubaaqudgha
Makhleb
Nemelex Xobeh
Okawaru
Qazlal
Ru
Sif Muna
Trog
Uskayaw
Vehumet
Wu Jian
Xom
Zin
The Shining One
Beogh

Shops:
D:5 }   D:10 [   D:14 *   D:15 (   Orc:2 [!:(

Portals:
Trove: D:10 (give +4 storm dragon scales)

Annotations:
D:2 1 runed translucent door, Crazy Yiuf
D:4 3 runed translucent doors, lysyklops's ghost, amateur TrBe
D:10 1 runed translucent door, goofmuffin's ghost, journeyman MiBe
Vaults:1 Donald


Innate Abilities, Weirdness & Mutations

You have claws for feet.
You are mostly covered in slimy green scales. (AC +3)
A powerful demonic guardian rushes to your aid.
You sometimes gain power by taking damage.


Message History

Items here: )) [[ a +0 broad axe; a +0 plate armour; a +0 battleaxe; a +0 chain mail Donald hits you with a +4 vorpal broad axe!
* * * LOW HITPOINT WARNING * * *
x2 The deep elf archer unwields a +0 shortbow.
The deep elf archer wields a +0 short sword.
The deep elf archer misses you.
There is an open door, spattered with blood here.
Donald hits you with a +4 vorpal broad axe!
* * * LOW HITPOINT WARNING * * *
You feel more protected from physical attacks.
* * * LOW HITPOINT WARNING * * *
Okay, then.
You feel better.
Donald is engulfed in blazing flames.
Donald says, "I saw a dragon earlier, but I didn't get too close - it seemed pretty mercurial."
Donald barely misses you.
You feel very mighty all of a sudden.
Donald is engulfed in blazing flames.
Donald hits you with a +4 vorpal broad axe!!
You die...

#... #..... #...
.... #.... .). .
#....####+###..
#..............
#....)((.°.....
#.....)e☼......
#.....#@########
#.....+@☼°.....#
#.....#.§......#
#.....#.°......#
#.....#.....∩..#
+....e#........#
#........#
##########


You could see Donald (fast, strong) and a deep elf archer (repels missiles).

Vanquished Creatures
  Arachne (Spider:4)
  4 ghost moths
  4 emperor scorpions
  An entropy weaver (Spider:4)
  Nessos (Orc:2)
  2 spark wasps (Spider:4)
  Snorg (D:12)
  A yaktaur captain (D:15)
  A vault guard (D:13)
  An anaconda (Lair:5)
  3 hydras
  3 catoblepae (Lair:6)
  2 centaur warriors
  A death knight (D:11)
  4 two-headed ogres
  2 death yaks
  A tengu warrior (D:14)
  2 unseen horrors
  2 phantasmal warriors (D:11)
  15 wolf spiders
  5 ugly things
  5 orc sorcerers (Orc:2)
  2 cyclopes
  2 manticores
  11 orb spiders
  A wolf spider zombie (D:14)
  An orc knight (Vaults:1)
  A moth of wrath (Spider:1)
  2 elephants (Lair:5)
  Psyche (D:12)
  8 black mambas
  3 torpor snails
  Maggie (D:7)
  2 komodo dragons
  A kobold demonologist (D:14)
  3 rime drakes
  3 spiny frogs
  An efreet (D:12)
  16 demonic crawlers
  A yaktaur (D:15)
  A queen bee (Spider:2)
  31 jumping spiders
  3 trolls
  A tengu conjurer (D:14)
  A troll (shapeshifter) (D:15)
  5 polar bears
  7 hornets
  4 dream sheep (Lair:6)
  A meliai zombie (D:14)
  Prince Ribbit (D:6)
  8 hippogriffs
  9 blink frogs
  45 redbacks
  3 shadows
  17 tarantellas
  3 wraiths
  A spriggan (shapeshifter) (D:13)
  2 fire elementals (D:12)
  7 humans
  2 wyverns
  22 yaks
  2 basilisks
  3 hogs (D:7)
  3 hungry ghosts
  A vampire mosquito (Spider:2)
  A warg (Orc:1)
  An acid dragon (shapeshifter) (D:14)
  2 soldier ants
  18 water moccasins
  3 porcupines
  A hell hound (D:12)
  17 orc warriors
  2 phantoms
  2 ice beasts
  5 sky beasts
  2 black bears
  13 ogres
  4 boggarts (D:15)
  An eye of draining (D:15)
  8 centaurs
  4 wolves
  2 necrophages
  9 crocodiles
  Blork the orc (D:6)
  23 bullfrogs
  A wyvern skeleton (D:10)
  A hornet simulacrum (D:13)
  8 scorpions
  9 killer bees
  7 howler monkeys
  12 wights
  4 crimson imps
  5 centaur zombies
  A gnoll shaman (D:4)
  3 quasits
  3 bullfrog zombies
  2 jellies
  5 hounds
  13 orc priests
  7 centaur skeletons
  4 bullfrog skeletons
  2 iguanas (D:4)
  32 orc wizards
  10 worker ants
  A hound zombie (D:6)
  A hound skeleton (D:4)
  3 worker ant zombies
  17 gnolls
  10 adders
  A howler monkey skeleton (D:6)
  3 shadow imps
  6 oozes
  An adder skeleton (D:8)
  3 worms
  4 dart slugs
  5 leopard geckos
  81 orcs
  3 ball pythons
  7 giant cockroaches
  6 goblins
  7 hobgoblins
  5 jackals
  13 kobolds
  9 quokkas
  5 bats
  7 frilled lizards
  13 rats
764 creatures vanquished.

Vanquished Creatures (collateral kills)
  2 ghost moths (Spider:4)
  An emperor scorpion (Spider:4)
  An ironheart preserver (Vaults:1)
  An entropy weaver (Spider:1)
  Azrael (D:12)
  2 spark wasps
  Erolcha (Orc:2)
  3 vault guards (D:13)
  2 centaur warriors
  4 hydras
  2 ogre magi
  2 tengu warriors (D:14)
  10 death yaks
  3 two-headed ogres
  A wizard (D:14)
  8 orb spiders
  5 orc sorcerers
  2 moths of wrath
  6 ugly things
  3 wolf spiders
  A manticore (Lair:6)
  2 black mambas (Lair:6)
  A komodo dragon (Lair:6)
  6 demonic crawlers
  A freezing wraith (D:14)
  4 jumping spiders
  A troll (D:11)
  3 meliai (Spider:3)
  A hornet (Spider:4)
  Grinder (D:5)
  7 blink frogs (Lair:6)
  5 dream sheep (Lair:6)
  A hippogriff (Lair:6)
  A hippogriff (shapeshifter) (D:15)
  3 tarantellas
  12 redbacks
  A ynoxinul (D:14)
  A wraith (D:11)
  2 fire elementals (D:12)
  16 yaks
  A human (D:13)
  2 wyverns (Lair:6)
  3 basilisks
  A water moccasin (Lair:6)
  2 orc warriors
  An ice beast (D:5)
  2 ogres (Vaults:1)
  6 wolves
  A centaur (D:15)
  2 crocodiles (Lair:6)
  A big kobold (D:8)
  A bullfrog (Lair:5)
  3 killer bees (Spider:3)
  A wight (D:12)
  A howler monkey (D:4)
  A crimson imp (D:6)
  3 orc priests (D:3)
  3 gnoll shamans
  11 orc wizards
  4 gnolls (D:8)
  3 shadow imps
  A leopard gecko (D:5)
  15 orcs
  3 jackals
  A kobold (D:8)
  A plant (Lair:6)
204 creatures vanquished.

Vanquished Creatures (others)
  An elephant (Lair:5)
  A human (D:13)
  An orc wizard (Orc:2)
  11 fungi
  7 plants
21 creatures vanquished.

Grand Total: 989 creatures vanquished

Notes
Turn   | Place    | Note
-------+----------+-------------------------------------------
     0 | D:1      | DearestLeader the Demonspawn Gladiator began the quest for
                  | the Orb.
     0 | D:1      | Reached XP level 1. HP: 16/16 MP: 1/1
   101 | D:1      | Reached skill level 3 in Axes
   101 | D:1      | Gained mutation: You have sharp toenails. [demonic
                  | ancestry]
   101 | D:1      | Reached XP level 2. HP: 14/22 MP: 2/2
   768 | D:1      | Gained mutation: A weak demonic guardian rushes to your
                  | aid. [demonic ancestry]
   768 | D:1      | Reached XP level 3. HP: 27/27 MP: 3/3
  1546 | D:2      | Found a bloodstained altar of Trog.
  1596 | D:2      | Gained mutation: You have razor-sharp toenails. [demonic
                  | ancestry]
  1596 | D:2      | Reached XP level 4. HP: 34/34 MP: 4/4
  1752 | D:2      | Found a runed translucent door.
  1753 | D:2      | Noticed Crazy Yiuf
  2008 | D:3      | Reached skill level 4 in Axes
  2081 | D:3      | Reached skill level 1 in Armour
  2281 | D:3      | Gained mutation: You sometimes gain a little power by
                  | taking damage. [demonic ancestry]
  2281 | D:3      | Reached XP level 5. HP: 37/40 MP: 5/5
  3025 | D:4      | Found a runed translucent gate.
  3025 | D:4      | Noticed lysyklops's ghost (amateur TrBe)
  3026 | D:4      | Found a runed translucent gate.
  3027 | D:4      | Found a runed translucent gate.
  3027 | D:4      | Identified the +7 whip of Summertime {pain, rElec rF+
                  | Dex+4}
  3087 | D:4      | Reached skill level 5 in Axes
  3087 | D:4      | Reached XP level 6. HP: 38/47 MP: 6/6
  3729 | D:5      | Entered Level 5 of the Dungeon
  3842 | D:5      | Noticed an ice beast
  4201 | D:5      | Found a shadowy altar of Dithmenos.
  4209 | D:5      | Identified the +2 leather armour of Sunaaxic {Dex+6}
  4212 | D:5      | Gained mutation: You are partially covered in slimy green
                  | scales. (AC +2) [demonic ancestry]
  4212 | D:5      | Reached XP level 7. HP: 30/54 MP: 7/7
  4249 | D:5      | Reached skill level 6 in Axes
  4538 | D:5      | Noticed Grinder
  4542 | D:5      | Found Fytronan's Gadget Boutique.
  4563 | D:5      | Paralysed by Grinder for 2 turns
  4578 | D:5      | Killed Grinder
  4839 | D:5      | Reached XP level 8. HP: 52/61 MP: 8/8
  5023 | D:5      | Reached skill level 5 in Fighting
  5057 | D:5      | Identified the ring "Myocw" {SInv Stlth-}
  5072 | D:5      | Reached skill level 7 in Axes
  5449 | D:5      | Found a staircase to the Ecumenical Temple.
  5455 | Temple   | Entered the Ecumenical Temple
  5499 | Temple   | Became a worshipper of Qazlal Stormbringer
  5779 | D:6      | Reached skill level 8 in Axes
  5784 | D:6      | Noticed Prince Ribbit
  5789 | D:6      | Killed Prince Ribbit
  5789 | D:6      | Reached skill level 5 in Armour
  6383 | D:6      | Noticed Blork the orc
  6392 | D:6      | Killed Blork the orc
  6392 | D:6      | Reached XP level 9. HP: 65/68 MP: 9/9
  6678 | D:7      | Reached skill level 9 in Axes
  6761 | D:7      | Reached * piety under Qazlal
  7438 | D:7      | Noticed Maggie
  7490 | D:7      | Killed Maggie
  7490 | D:7      | Reached skill level 10 in Axes
  8318 | D:8      | Noticed a death yak
  8318 | D:8      | Noticed a death yak
  8318 | D:8      | Noticed a death yak
  8511 | D:9      | Gained mutation: A demonic guardian rushes to your aid.
                  | [demonic ancestry]
  8511 | D:9      | Reached XP level 10. HP: 74/74 MP: 10/10
  8535 | D:9      | Found an opulent altar of Gozag.
  9142 | D:10     | Entered Level 10 of the Dungeon
  9142 | D:10     | Found Oranal's Antique Armour Shop.
  9142 | D:10     | Noticed goofmuffin's ghost (journeyman MiBe)
  9151 | D:10     | Reached skill level 11 in Axes
  9379 | D:10     | Reached ** piety under Qazlal
  9618 | D:10     | Found a portal to a secret trove of treasure.
  9706 | D:10     | Bought a pair of runed gloves for 202 gold pieces
  9724 | D:10     | Found a runed translucent door.
  9840 | D:10     | Noticed a centaur warrior
  9849 | D:10     | Killed a centaur warrior
  9871 | D:10     | Noticed an eight-headed hydra
  9879 | D:10     | Noticed a green ugly thing
  9880 | D:10     | Killed an eight-headed hydra
  9902 | D:10     | Killed a green ugly thing
  9902 | D:10     | Reached skill level 12 in Axes
  9968 | D:10     | Identified the ring "Xenoshru" {rN++ EV+4}
  9968 | D:10     | Noticed a centaur warrior
  9973 | D:10     | Killed a centaur warrior
 10124 | D:10     | Noticed a five-headed hydra
 10131 | D:10     | Killed a five-headed hydra
 10131 | D:10     | Gained mutation: A powerful demonic guardian rushes to your
                  | aid. [demonic ancestry]
 10131 | D:10     | Reached XP level 11. HP: 56/80 MP: 11/11
 10291 | D:10     | Noticed a wolf spider
 10296 | D:10     | Killed a wolf spider
 10450 | D:8      | Reached *** piety under Qazlal
 10454 | D:8      | Killed a death yak
 10472 | D:8      | Noticed a death yak
 10472 | D:8      | Noticed a death yak
 10479 | D:8      | Killed a death yak
 10481 | D:8      | Noticed a death yak
 10484 | D:8      | Killed a death yak
 10485 | D:8      | Noticed a death yak
 10486 | D:8      | Killed a death yak
 10487 | D:8      | Killed a death yak
 10492 | D:8      | Killed a death yak
 10495 | D:8      | Reached skill level 13 in Axes
 10496 | D:8      | Killed a death yak
 10763 | D:8      | Found a staircase to the Lair.
 11193 | Lair:1   | Entered Level 1 of the Lair of Beasts
 11443 | Lair:1   | Reached **** piety under Qazlal
 12015 | Lair:2   | Got an ichor-stained flail
 12015 | Lair:2   | Identified the cursed +1 flail "Ultimatum" {vorpal, rN+
                  | Str+2 Dex-5} (You found it on level 2 of the Lair of
                  | Beasts)
 12016 | Lair:2   | Noticed a six-headed hydra
 12023 | Lair:2   | Killed a six-headed hydra
 12884 | Lair:3   | You fall into a shaft and drop 3 floors!
 12884 | Lair:6   | Entered Level 6 of the Lair of Beasts
 12884 | Lair:6   | Noticed a death yak
 12890 | Lair:6   | Killed a death yak
 12891 | Lair:6   | Noticed a five-headed hydra
 12902 | Lair:6   | Reached skill level 14 in Axes
 12905 | Lair:6   | Noticed a four-headed hydra
 12927 | Lair:6   | Reached skill level 10 in Armour
 12927 | Lair:6   | Reached XP level 12. HP: 23/86 MP: 12/12
 13004 | Lair:5   | Noticed a five-headed hydra
 13018 | Lair:5   | Killed a seven-headed hydra
 13018 | Lair:5   | Reached skill level 1 in Invocations
 13051 | Lair:5   | Noticed an anaconda
 13063 | Lair:5   | Killed an anaconda
 13990 | Lair:4   | Reached skill level 5 in Invocations
 14005 | Lair:4   | Reached skill level 15 in Axes
 14282 | Lair:4   | Found a staircase to the Shoals.
 15015 | Lair:3   | Found a hole to the Spider Nest.
 15621 | Lair:5   | Found a staircase to the Slime Pits.
 16622 | Lair:6   | Killed a five-headed hydra
 16632 | Lair:6   | Reached XP level 13. HP: 84/91 MP: 17/17
 17600 | Lair:6   | Reached skill level 16 in Axes
 17905 | Lair:6   | Identified 3 scrolls of acquirement
 17913 | Lair:6   | Acquired 350 gold pieces
 17914 | Lair:6   | Acquired the +0 buckler of the Equator {rN+ Str+4 Dex+2}
 17915 | Lair:6   | Acquired a +2 vorpal executioner's axe
 18775 | D:11     | Reached ***** piety under Qazlal
 19091 | D:11     | Found a staircase to the Orcish Mines.
 19405 | Orc:1    | Entered Level 1 of the Orcish Mines
 20225 | Orc:2    | Entered Level 2 of the Orcish Mines
 20602 | Orc:2    | Found a staircase to the Elven Halls.
 20685 | Orc:2    | Found a roughly hewn altar of Beogh.
 20822 | Orc:2    | Paralysed by an orc sorcerer for 2 turns
 20842 | Orc:2    | Found Wutzoepato's Antique Armour Shoppe.
 20860 | Orc:2    | Gained mutation: You sometimes gain power by taking damage.
                  | [demonic ancestry]
 20860 | Orc:2    | Reached XP level 14. HP: 67/98 MP: 20/20
 20864 | Orc:2    | Reached skill level 5 in Dodging
 20875 | Orc:2    | Found Icegom's Distillery.
 20903 | Orc:2    | Found an ancient bone altar of Kikubaaqudgha.
 20904 | Orc:2    | Noticed Nessos
 20911 | Orc:2    | Killed Nessos
 20951 | Orc:2    | Noticed Erolcha
 20952 | Orc:2    | Found a roughly hewn altar of Beogh.
 20954 | Orc:2    | Killed Erolcha
 20967 | Orc:2    | Found a radiant altar of Vehumet.
 20984 | Orc:2    | Found Leem Qokh's Antique Weapon Shoppe.
 21080 | Orc:2    | Found Utova's Book Emporium.
 21187 | Orc:2    | Bought smelly fire dragon scales for 1885 gold pieces
 21197 | Orc:2    | Identified the +2 fire dragon scales of Qapreeju {rF++ rC-
                  | Int+6} (You bought it in a shop on level 2 of the Orcish
                  | Mines)
 21238 | Orc:2    | Bought a potion of curing for 48 gold pieces
 21238 | Orc:2    | Bought a potion of might for 64 gold pieces
 21238 | Orc:2    | Bought a potion of resistance for 160 gold pieces
 21663 | D:12     | Noticed Psyche
 21668 | D:12     | Killed Psyche
 21686 | D:12     | Noticed Azrael
 21692 | D:12     | Killed Azrael
 21953 | D:12     | Reached ****** piety under Qazlal
 22034 | D:12     | Noticed Snorg
 22057 | D:12     | Killed Snorg
 22408 | D:12     | Reached skill level 10 in Invocations
 23354 | D:13     | Found a glowing golden altar of the Shining One.
 23386 | D:13     | Reached skill level 17 in Axes
 23640 | D:13     | Found a gate to the Vaults.
 24250 | D:14     | Paralysed by a wizard for 5 turns
 24944 | D:14     | Found Fiuvviru's Assorted Antiques.
 25363 | D:15     | Entered Level 15 of the Dungeon
 25503 | D:15     | Gained mutation: You have claws for feet. [demonic
                  | ancestry]
 25503 | D:15     | Reached XP level 15. HP: 98/103 MP: 23/23
 25703 | D:15     | Found Oneti's Antique Weapon Shoppe.
 25713 | D:15     | Found a roughly hewn altar of Beogh.
 25736 | D:15     | Found a staircase to the Depths.
 26277 | Spider:1 | Entered Level 1 of the Spider Nest
 28626 | Spider:3 | Reached skill level 18 in Axes
 29395 | Spider:3 | Killed a ghost moth
 29770 | Spider:4 | Entered Level 4 of the Spider Nest
 30139 | Spider:4 | Gained mutation: You are mostly covered in slimy green
                  | scales. (AC +3) [demonic ancestry]
 30139 | Spider:4 | Reached XP level 16. HP: 90/113 MP: 25/25
 30455 | Spider:4 | Acquired 1190 gold pieces
 30700 | Spider:4 | Noticed Arachne
 30731 | Spider:4 | Killed Arachne
 32783 | Spider:4 | Got a gossamer rune of Zot
 33134 | Vaults:1 | Entered Level 1 of the Vaults
 33164 | Vaults:1 | Identified the cursed -4 kite shield of Summer {rC+ rCorr}
 33164 | Vaults:1 | Noticed Donald
 33183 | Vaults:1 | Slain by Donald

Illustrated notes

Levels and vault maps discovered:
D:1:      dpeg_arrival_ratfight, layout_loops_corners
D:2:      layout_rooms, bloody_trog, uniq_crazy_yiuf_cottage
D:3:      layout_basic
D:4:      layout_rooms, first_ration, gammafunk_ghost_nasty_kobolds,
          kennysheep_opposing_triangles
D:5:      layout_rooms, overflow_temple_1_default,
          minmay_temple_entry_enclosed_plants, serial_shops,
          nicolae_shop_crystal, uniq_grinder
D:6:      layout_basic, minmay_alternating_orb, uniq_blork_the_orc,
          uniq_prince_ribbit1
D:7:      layout_basic, grunt_livestock, nrook_mini_vaults, item_on_display_a,
          uniq_maggie
D:8:      minmay_chambers_of_fours, layout_rooms, dpeg_lair_monsters
D:9:      layout_rooms, grunt_gozag_breadcrumbs
D:10:     minmay_the_grid_triangle_9x9_recursive_2
          [minmay_the_grid_triangle_9x9_prize_schism,
          minmay_the_grid_triangle_9x9_from_above,
          minmay_the_grid_triangle_9x9_corrupted_corridor,
          minmay_the_grid_triangle_9x9_corruption], layout_gridville,
          nicolae_trove_entry_crossroad, serial_shops, shop,
          hellmonk_ghost_happy_afterlife
D:11:     layout_irregular_city, orc_0_dummy, serial_column_ruins,
          column_ruins_hut, column_ruins_corridor_straight, column_ruins_grid_3,
          column_ruins_open_medium_water, column_ruins_grid_3,
          column_ruins_open_small, library_closet, nrook_loot_triangle
D:12:     layout_roguey, minmay_joined_circles, uniq_snorg, uniq_azrael,
          uniq_psyche
D:13:     layout_irregular_city, ximxim_vaults_locker_room,
          nicolae_tso_carved_into_rock
D:14:     kennysheep_demon_hangout, layout_stronghold, serial_shops,
          nicolae_shop_stone, hangedman_abyss_or_decor_passed
D:15:     grunt_enter_depths_snipers, layout_rooms, special_room
          [special_room_orc], serial_shops, shop, lemuel_another_geyser
Temple:   compressed_dpeg_circular_temple
Lair:1:   layout_chaotic_city
Lair:2:   layout_gridlike
Lair:3:   layout_roguey, dummy_spider_entry, chequers_serial_rivers_large_a
Lair:4:   layout_cave_shapes, elwin_shoals_entry_rocks, beast_lair_carwin_9
Lair:5:   beast_lair_carwin_large_4, layout_loops_ring,
          nicolae_slime_entry_slimehenge
Lair:6:   evilmike_catoblepas_cave, layout_regular_city
Spider:1: layout_spider_delve
Spider:2: layout_spider_delve, einodemon_crawler_minivault
Spider:3: layout_spider_delve, special_room [special_room_bee],
          spiders_nest_the_unseen
Spider:4: johnstein_spider_rune_arachne_lair, special_room
Orc:1:    layout_diamond_mine, guppyfry_library_mini
Orc:2:    kennysheep_orc_mage_school, layout_caves, basic_altar, uniq_nessos
Vaults:1: hangedman_vaults_hard_town_square, layout_vaults_quadrants,
          uniq_nikola, uniq_donald

Skill      XL: |  1  2  3  4  5  6  7  8  9 10 11 12 13 14 15 16 |
---------------+-------------------------------------------------+-----
Axes           | 3 4 5 6 8 10 12 14 15 16 17 18 | 18.8
Dodging        | 3 4 6 8 9 |  9.4
Armour         | 1 2 3 5 6 8 10 11 12 13 | 13.8
Fighting       | 3 4 5 6 7 |  7.9
Invocations    | 6 9 11 12 | 12.0
Throwing       | |  1.7

Action                   |  1- 3 |  4- 6 |  7- 9 | 10-12 | 13-15 | 16-18 || total
-------------------------+-------+-------+-------+-------+-------+-------++-------
Melee: War axe           |    99 |   136 |    39 |       |       |       ||   274
       Kick              |    20 |    40 |   100 |   193 |   167 |    77 ||   597
       Flail             |       |       |   236 |   145 |       |       ||   381
       Pair of quick bla |       |       |       |   397 |  1151 |       ||  1548
       Executioner's axe |       |       |       |       |   209 |   209 ||   418
Throw: Dart              |       |     2 |    12 |     6 |       |       ||    20
       Throwing net      |       |     1 |     3 |       |       |       ||     4
Invok: Upheaval          |       |       |       |     2 |    14 |    12 ||    28
       Elemental Force   |       |       |       |       |     1 |       ||     1
       Disaster Area     |       |       |       |       |     2 |       ||     2
Evoke: Wand              |       |       |     2 |       |       |       ||     2
       Lightning rod     |       |       |       |       |     5 |       ||     5
  Use: Scroll            |       |     4 |     1 |     8 |    18 |     4 ||    35
       Potion            |       |     2 |     1 |     3 |     2 |     6 ||    14
 Stab: Sleeping          |     1 |       |       |       |       |       ||     1
       Distracted        |       |     1 |     1 |     1 |     2 |     2 ||     7
       Confused          |       |       |       |     1 |       |       ||     1
  Eat: Chunk             |     2 |     8 |    11 |    19 |    28 |     4 ||    72
       Ration            |       |       |     1 |     2 |     6 |     2 ||    11
Armor: Leather armour    |    19 |       |       |       |       |       ||    19
       Ring mail         |    10 |    34 |       |       |       |       ||    44
       Scale mail        |       |    18 |       |       |       |       ||    18
       Chain mail        |       |    19 |   102 |       |       |       ||   121
       Skin              |       |     9 |       |    15 |       |       ||    24
       Plate armour      |       |       |    65 |   282 |   765 |   222 ||  1334
Dodge: Dodged            |    67 |    92 |   112 |   233 |   859 |   239 ||  1602
       Repelled          |       |       |       |     1 |    25 |       ||    26
Block: Other             |       |       |     6 |    91 |   465 |   116 ||   678
